 Dungeon Crawl Stone Soup version 0.27-a0-1434-g6f15984924 (webtiles) character file.

Game seed: 6870105596839993608

636538 hilljack the Metallomancer (level 27, -33/162 HPs)
             Began as a Gargoyle Earth Elementalist on July 3, 2021.
             Was the Champion of Vehumet.
             Killed from afar by an orb of fire (86 damage)
             ... with a fireball
             ... on level 5 of the Depths.
             The game lasted 04:29:55 (103841 turns).

hilljack the Metallomancer (GrEE)                 Turns: 103841, Time: 04:29:55

Health: -33/162    AC: 39    Str: 22    XL:     27
Magic:  18/48      EV: 22    Int: 47    God:    Vehumet [******]
Gold:   6289       SH: 15    Dex: 18    Spells: 3/69 levels left

rFire    . . .     SeeInvis .   b - staff of earth
rCold    + + .     Faith    .   f - +0 kite shield of Pandemonium {Int+7 Stlth+}
rNeg     + + +     Spirit   .   C - +1 leather armour of Disaster {*Slow Str+3 Int+10}
rPois    ∞         Reflect  .   w - +2 helmet of Bimoutsa {Dex+6}
rElec    +         Harm     .   l - +1 cloak "Ocror" {Fly Int+5}
rCorr    +         Rampage  .   i - +1 pair of gloves of Cyanau Sucw {rC+ Str+2}
Will     ++++.                  D - +2 pair of boots {Stlth+}
Stlth    ++++......             L - amulet of Jifexih {RegenMP Fly rC+ Slay+2}
HPRegen  0.37/turn              c - ring of Emaliff {rPois rN++ Will++ rCorr}
MPRegen  0.56/turn              m - ring "Jiedeok" {Wiz Str+3}

@: about to teleport, flying, slowed, studying Maces & Flails, very slow
A: sickness immunity, AC +20, big wings, negative energy resistance 1,
electricity resistance, torment resistance 1, petrification resistance,
deterioration 1, no potion heal 1
}: 3/15 runes: decaying, silver, gossamer
a: Renounce Religion


You were on level 5 of the Depths.
You worshipped Vehumet.
Vehumet was exalted by your worship.
You visited 13 branches of the dungeon, and saw 51 of its levels.
You also visited: Trove, Ice Cave and Volcano.

You collected 9160 gold pieces.
You spent 2871 gold pieces at shops.

Inventory:

Hand Weapons
 a - a +9 vorpal demon whip
 o - the +7 whip of Qacritig {venom, rCorr Dex+3}
   (You found it on level 9 of the Dungeon)

   It poisons the flesh of those it strikes.
   Dex:       It affects your dexterity (+3).
   rCorr:     It protects you from acid and corrosion.
 E - the +8 lance "Wyrmbane" {slay drac, rPois rF+ rC+ AC+3}
   (You found it on level 3 of the Depths)

   AC:        It affects your AC (+3).
   rF:        It protects you from fire.
   rC:        It protects you from cold.
   rPois:     It protects you from poison.
Armour
 e - a scarf of resistance
 f - the +0 kite shield of Pandemonium (worn) {Int+7 Stlth+}
   (You found it in a treasure trove)

   Int:       It affects your intelligence (+7).
   Stlth:     It makes you more stealthy.
 i - the +1 pair of gloves of Cyanau Sucw (worn) {rC+ Str+2}
   (You found it in a treasure trove)

   Str:       It affects your strength (+2).
   rC:        It protects you from cold.
 l - the +1 cloak "Ocror" (worn) {Fly Int+5}
   (You found it in a treasure trove)

   Int:       It affects your intelligence (+5).
   Fly:       It grants you flight.
 w - the +2 helmet of Bimoutsa (worn) {Dex+6}
   (You found it on level 3 of the Swamp)

   Dex:       It affects your dexterity (+6).
 C - the +1 leather armour of Disaster (worn) {*Slow Str+3 Int+10}
   (You found it on level 6 of the Lair of Beasts)

   Str:       It affects your strength (+3).
   Int:       It affects your intelligence (+10).
   *Slow:     It may slow you when you take damage.
 D - a +2 pair of boots of stealth (worn)
Magical Staves
 b - a staff of earth (weapon)
Jewellery
 c - the ring of Emaliff (left hand) {rPois rN++ Will++ rCorr}
   (You bought it in a shop on level 1 of the Orcish Mines)

   [ring of resist corrosion]

   rPois:     It protects you from poison.
   rN:        It greatly protects you from negative energy.
   rCorr:     It protects you from acid and corrosion.
   Will:      It greatly increases your willpower.
 d - the ring of Xiloqo {rCorr EV+4 Int+4}
   (You bought it in a shop on level 5 of the Depths)

   [ring of evasion]

   EV:        It affects your evasion (+4).
   Int:       It affects your intelligence (+4).
   rCorr:     It protects you from acid and corrosion.
 g - an amulet of reflection
 k - a +4 ring of evasion
 m - the ring "Jiedeok" (right hand) {Wiz Str+3}
   (You found it on level 1 of the Depths)

   [ring of wizardry]

   It improves your spell success rate.
   Str:       It affects your strength (+3).
 u - the ring "Sori Xakh" {rF+ SInv Stlth+}
   (You found it on level 1 of the Swamp)

   [ring of see invisible]

   rF:        It protects you from fire.
   SInv:      It lets you see invisible.
   Stlth:     It makes you more stealthy.
 F - the ring "Ojusia" {+Blink rN+ Will+ Str-4}
   (You found it on level 5 of the Vaults)

   [ring of willpower]

   Str:       It affects your strength (-4).
   rN:        It protects you from negative energy.
   +Blink:    It lets you blink.
   Will:      It increases your willpower.
 L - the amulet of Jifexih (around neck) {RegenMP Fly rC+ Slay+2}
   (You acquired it on level 1 of the Depths)

   [amulet of magic regeneration]

   It increases your rate of magic regeneration.
   Slay:      It affects your accuracy & damage with ranged weapons and melee
   (+2).
   rC:        It protects you from cold.
   Fly:       It grants you flight.
 O - the ring "Hero's Friend" {Fly rElec rN+ Str+6 Stlth-}
   (You took it off a deep elf death mage on level 3 of the Elven Halls)

   [ring of strength]

   Str:       It affects your strength (+6).
   rElec:     It insulates you from electricity.
   rN:        It protects you from negative energy.
   Fly:       It grants you flight.
   Stlth:     It makes you less stealthy.
Wands
 j - a wand of digging (7)
 q - a wand of acid (58)
 z - a wand of iceblast (61)
Scrolls
 n - 5 scrolls of magic mapping
 r - 2 scrolls of summoning
 s - 15 scrolls of teleportation
 y - a scroll of amnesia
 I - 10 scrolls of fog
 N - 8 scrolls of immolation
 R - 8 scrolls of blinking
 V - 27 scrolls of identify
 W - 5 scrolls of fear
 X - 2 scrolls of holy word
 Y - 2 scrolls of torment
Potions
 h - 7 potions of resistance
 p - 28 potions of curing
 t - 8 potions of might
 x - 4 potions of magic
 A - 5 potions of haste
 B - 9 potions of heal wounds
 G - 7 potions of brilliance
 H - a potion of cancellation
 J - 5 potions of berserk rage
 T - 8 potions of ambrosia


   Skills:
 - Level 13.6 Fighting
 - Level 12.9(13.0) Maces & Flails
 - Level 3.0(9.0) Staves
 - Level 13.6 Armour
 - Level 16.6 Dodging
 - Level 2.1 Stealth
 - Level 16.0 Shields
 + Level 21.5 Spellcasting
 + Level 17.7 Conjurations
 + Level 12.5 Translocations
 - Level 5.0 Transmutations
 - Level 25.5 Earth Magic
 - Level 3.0 Evocations


You had 3 spell levels left.
You knew the following spells:

 Your Spells              Type           Power      Damage    Failure   Level
a - Shatter               Erth           82%        3d59*     1%          9
b - Lee's Rapid Deconstr  Erth           82%        3d37*     0%          5
c - Slow                  Hex            50%        N/A       1%          2
d - Petrify               Tmut/Erth      100%       N/A       0%          4
e - Lehudib's Crystal Sp  Conj/Erth      77%        10d17     1%          8
f - Disjunction           Tloc           53%        N/A       6%          8
g - Fire Storm            Conj/Fire      46%        8d12      63%         9
h - Iron Shot             Conj/Erth      77%        9d14      0%          6
i - Passwall              Tmut/Erth      100%       N/A       0%          2
j - Irradiate             Conj/Tmut      51%        3d30      1%          5
k - Swiftness             Air            50%        N/A       1%          3
l - Borgnjor's Vile Clut  Necr/Erth      65%        N/A       1%          5

Your spell library contained the following spells:

 Spells                   Type           Power      Damage    Failure   Level
 Maxwell's Capacitive Co  Air            25%        ∞         87%         8
 Apportation              Tloc           100%       N/A       0%          1
 Foxfire                  Conj/Fire      100%       2x1d9     0%          1
 Sandblast                Erth           100%       2d20      0%          1
 Shock                    Conj/Air       100%       1d9       0%          1
 Static Discharge         Conj/Air       93%        N/A       0%          2
 Gell's Gravitas          Tloc           53%        N/A       0%          3
 Lesser Beckoning         Tloc           53%        N/A       0%          3
 Stone Arrow              Conj/Erth      100%       3d13      0%          3
 Teleport Other           Tloc           100%       N/A       0%          3
 Animate Skeleton         Necr           100%       N/A       1%          1
 Beastly Appendage        Tmut           100%       N/A       1%          1
 Corona                   Hex            55%        N/A       1%          1
 Freeze                   Ice            100%       1d11      1%          1
 Pain                     Necr           100%       1d9       1%          1
 Sting                    Tmut/Pois      100%       1d8       1%          1
 Summon Small Mammal      Summ           100%       N/A       1%          1
 Corpse Rot               Necr/Air       N/A        N/A       1%          2
 Ensorcelled Hibernation  Hex/Ice        100%       N/A       1%          2
 Poisonous Vapours        Pois/Air       100%       N/A       1%          2
 Wereblood                Tmut           78%        N/A       1%          2
 Call Canine Familiar     Summ           50%        N/A       1%          3
 Confusing Touch          Hex            50%        N/A       1%          3
 Conjure Flame            Conj/Fire      93%        6-21      1%          3
 Frozen Ramparts          Ice            100%       1d12      1%          3
 Ignite Poison            Fire/Tmut/Pois 60%        N/A       1%          3
 Inner Flame              Hex/Fire       50%        N/A       1%          3
 Mephitic Cloud           Conj/Pois/Air  82%        N/A       1%          3
 Ozocubu's Armour         Ice            50%        N/A       1%          3
 Spider Form              Tmut/Pois      32%        N/A       1%          3
 Summon Guardian Golem    Hex/Summ       50%        N/A       1%          3
 Tukima's Dance           Hex            50%        N/A       1%          3
 Vampiric Draining        Necr           25%        2d9       1%          3
 Animate Armour           Summ/Erth      100%       N/A       0%          4
 Iskenderun's Mystic Bla  Conj/Tloc      100%       2d19      0%          4
 Passage of Golubria      Tloc           N/A        N/A       0%          4
 Iskenderun's Battlesphe  Conj           100%       2d15      0%          5
 Airstrike                Air            25%        N/A       1%          4
 Animate Dead             Necr           25%        N/A       1%          4
 Dispel Undead            Necr           50%        3d19      1%          4
 Fulminant Prism          Conj/Hex       46%        3d21      1%          4
 Hailstorm                Conj/Ice       93%        3d18      1%          4
 Ice Form                 Ice/Tmut       65%        N/A       1%          4
 Olgreb's Toxic Radiance  Pois           50%        N/A       1%          4
 Sticky Flame             Conj/Fire      93%        2d10      1%          4
 Summon Ice Beast         Ice/Summ       50%        N/A       1%          4
 Summon Lightning Spire   Summ/Air       50%        N/A       1%          4
 Alistair's Intoxication  Tmut/Pois      43%        N/A       1%          5
 Blade Hands              Tmut           39%        N/A       1%          5
 Bolt of Magma            Conj/Fire/Erth 67%        4d26      1%          5
 Fireball                 Conj/Fire      46%        3d18      1%          5
 Freezing Cloud           Conj/Ice/Air   41%        6-21      1%          5
 Lightning Bolt           Conj/Air       46%        1d66      1%          5
 Summon Forest            Summ/Tloc      41%        N/A       1%          5
 Yara's Violent Unravell  Hex/Tmut       32%        3d13      1%          5
 Conjure Ball Lightning   Conj/Air       46%        3x3d16    1%          6
 Dispersal                Tloc           53%        N/A       1%          6
 Starburst                Conj/Fire      46%        8x6d13    1%          6
 Orb of Destruction       Conj           60%        9d17      1%          7
 Spellforged Servitor     Conj/Summ      46%        N/A       1%          7
 Agony                    Necr           50%        N/A       4%          5
 Excruciating Wounds      Necr           25%        N/A       4%          5
 Metabolic Englaciation   Hex/Ice        25%        N/A       4%          5
 Silence                  Hex/Air        25%        N/A       4%          5
 Summon Mana Viper        Hex/Summ       50%        N/A       4%          5
 Malign Gateway           Summ/Tloc      41%        N/A       10%         7
 Dragon Form              Tmut           39%        N/A       16%         7
 Death Channel            Necr           25%        N/A       22%         6
 Invisibility             Hex            25%        N/A       22%         6
 Shadow Creatures         Summ           N/A        N/A       22%         6
 Simulacrum               Ice/Necr       25%        N/A       22%         6
 Ozocubu's Refrigeration  Ice            25%        4d10      30%         7
 Chain Lightning          Conj/Air       46%        3d62      63%         9
 Haunt                    Necr/Summ      25%        N/A       75%         7
 Summon Hydra             Summ           25%        N/A       75%         7
 Ignition                 Fire           25%        3d8       87%         8
 Necromutation            Tmut/Necr      32%        N/A       96%         8
 Borgnjor's Revivificati  Necr           25%        N/A       100%        8
 Infestation              Necr           25%        N/A       100%        8
 Summon Horrible Things   Summ           25%        N/A       100%        8
 Death's Door             Necr           25%        N/A       100%        9
 Polar Vortex             Ice            25%        N/A       100%        9
 Sublimation of Blood     Necr           Unusable   N/A       N/A         2
 Statue Form              Tmut/Erth      Unusable   N/A       N/A         6

Dungeon Overview and Level Annotations

Branches:
Dungeon (15/15)            Temple (1/1) D:4            Lair (6/6) D:9
  Swamp (4/4) Lair:3       Spider (4/4) Lair:2        Slime (0/5) Lair:6
    Orc (2/2) D:9             Elf (3/3) Orc:2        Vaults (5/5) D:14
  Crypt (3/3) Vaults:2       Tomb (1/3) Crypt:3      Depths (5/5) D:15
   Hell (visited)             Dis (0/7) Hell            Geh (0/7) Hell
    Coc (0/7) Hell            Tar (0/7) Hell            Zot (1/5) Depths:5
  IceCv (visited)         Volcano (visited)

Altars:
Ashenzari
Cheibriados
Dithmenos
Elyvilon
Fedhas
Gozag
Hepliaklqana
Kikubaaqudgha
Makhleb
Nemelex Xobeh
Okawaru
Qazlal
Ru
Sif Muna
Trog
Uskayaw
Vehumet
Wu Jian
Xom
Yredelemnul
Zin
The Shining One
Beogh

Shops:
D:3 [?[   D:12 *[   Orc:1 =   Orc:2 *([[   Elf:2 [   Elf:3 ?   Vaults:2 :
Depths:2 ![   Depths:5 =

Portals:
Hell: Depths:1 Depths:2 Depths:3 Depths:4 Depths:5
Abyss: Depths:2 Depths:4
Pandemonium: Depths:1 Depths:3 Depths:4
Ziggurat: Depths:1

Annotations:
Elf:2 3 runed translucent doors


Innate Abilities, Weirdness & Mutations

You are immune to sickness and miasma.
Your stone body is resilient. (AC +20)
You are immune to poison.
Your large and strong wings let you fly.
You resist negative energy. (rN+)
You are resistant to electric shocks. (rElec)
You are resistant to unholy torment.
You are immune to petrification.
Your body sometimes deteriorates upon taking damage.
Potions are less effective at restoring your health.


Message History

Strange energies course through your body.
You feel yourself wasting away.
The orb of fire glows bright magenta.
The bolt of fire hits you!!
The death cob hits you but does no damage.
The death cob barely misses you. The death cob hits you!
The death cob drains your vigour!
You feel as though you will be slow longer.
There is a gate leading back out of this place here.
The death cob hits you!! The death cob drains your vigour!
You feel as though you will be slow longer.
You block the death cob's attack. The death cob barely misses you.
The orb of fire glows bright magenta.
The bolt of fire misses you. You block the death cob's attack.
You fly up through the gate.
Welcome back to the Depths!
There is a gate to the Realm of Zot here.
Casting: Shatter (mildly dangerous; 1% risk of failure)
Confirm with . or Enter, or press ? or * to list all spells.
You feel a surge of power!
The dungeon rumbles!
The orb of fire is lightly damaged.
You destroy the death cob!
Vehumet accepts your kill.
You feel your power returning.
Ka-crash!
You are too injured to fight recklessly!
Aiming: Iron Shot (safe; 0% risk of failure)
Press: ? - help, Q - select action, (/) - cycle Shift-Dir - straight line, f - orb of fire
Aim: an orb of fire (lightly damaged, 61% to hit)
You feel a surge of power!
The iron shot hits the orb of fire!!!
The orb of fire is heavily damaged.
The orb of fire emits a lurid red light.
Strange energies course through your body.
Your system partially rejects the healing effects of potions.
As you read the scroll of teleportation, it crumbles to dust.
You feel strangely unstable.
The orb of fire glows red.
The fireball explodes!
The fireball engulfs you!!!!
Ouch! That really hurt!
You die...

#.≈≈≈...≈.......≈...≈≈≈......
#.)....................).....
#.....≈...........≈)...).....
#..................)......#..
#...≈..............)≈...##.##
#.............#..............
#.≈...................≈...###
###............*..).......#.# #
#.............@.............###
#.#............................
#.#.≈........[....[.....≈..####
###.#..............#[.......## #
....#...≈...)...........≈....#
##
...##.......................##
#. ##.##.....≈...........≈.....#
#.
#.##.......................####.
#.##.≈≈≈...≈.......≈...≈≈≈.#....


You could see an orb of fire.

Vanquished Creatures
  A dread lich (Vaults:5)
  A juggernaut (Depths:5)
  23 royal mummies
  Sojobo (Vaults:4)
  Frederick (Crypt:3)
  Margery (Vaults:2)
  Saint Roka (Vaults:4)
  Xtahua (Vaults:4)
  Geryon (Hell)
  4 caustic shrikes (Depths:5)
  Jory (Vaults:4)
  2 golden dragons (Vaults:4)
  A profane servitor (Crypt:3)
  2 bone dragons
  Arachne (Spider:2)
  An electric golem (Zot:1)
  The ghost of Exaltedone87 the Tortoise, an adept DDFi of Makhleb (Vaults:3)
  Rupert (Lair:6)
  4 tentacled monstrosities
  2 deep elf blademasters (Elf:3)
  11 liches
  Asterion (Depths:1)
  2 deep elf master archers (Elf:3)
  4 titans
  2 quicksilver dragons
  Jorgrun (Spider:2)
  11 sphinxes
  4 ancient champions
  2 death cobs
  Kirke (D:15)
  Agnes (D:15)
  3 thorn hunters
  8 storm dragons
  Gastronok (Lair:3)
  6 revenants
  10 tengu reavers
  5 shadow dragons
  19 frost giants
  6 deep elf sorcerers
  A draconian scorcher (Depths:5)
  17 fire giants
  4 iron dragons
  2 cacodemons (Hell)
  4 ghost moths
  3 spectral caustic shrikes (Depths:3)
  Louise (Depths:4)
  16 vault wardens
  2 balrugs
  A juggernaut zombie (Crypt:2)
  5 curse skulls
  An orc warlord (Orc:2)
  4 draconian stormcallers (Depths:5)
  Aizul (Spider:2)
  A deep elf elementalist (Elf:3)
  9 emperor scorpions
  6 reapers
  9 ghouls (Crypt:3)
  5 war gargoyles
  18 very ugly things
  17 ironbound preservers
  A quicksilver ooze (shapeshifter) (Vaults:5)
  3 deep elf demonologists
  The ghost of Peamost the Slicer, a journeyman VSFi of Uskayaw (Lair:2)
  18 stone giants
  7 vampire knights
  An entropy weaver (Spider:3)
  A bunyip (Swamp:4)
  8 deep elf annihilators
  6 dire elephants
  A purple draconian (Depths:5)
  Azrael (Spider:1)
  2 black draconians (Depths:5)
  A minotaur (Lair:2)
  A red draconian (Volcano)
  A bunyip (shapeshifter) (Vaults:1)
  2 yellow draconians
  5 spark wasps
  9 deep elf death magi
  A crystal guardian (Vaults:3)
  2 mummy priests (Tomb:1)
  7 eleionomae
  2 blizzard demons (Hell)
  2 quicksilver dragon zombies
  4 green deaths
  10 eidola
  6 jiangshi
  11 ettins
  2 shambling mangroves
  Fannar (Lair:3)
  A kraken zombie (Hell)
  9 fire dragons
  7 deep elf high priests (Elf:3)
  10 great orbs of eyes
  9 rakshasas
  4 boulder beetles
  17 hydras
  36 vault guards
  15 yaktaur captains
  7 ice dragons
  2 ghost crabs
  An ogre mage (D:15)
  A merfolk avatar (Lair:6)
  An anaconda (Swamp:2)
  2 hell beasts
  12 ironbound frosthearts
  5 spriggan air magi
  Erica (D:8)
  A peacekeeper (Vaults:3)
  16 centaur warriors
  27 dancing weapons
  A catoblepas (D:15)
  9 two-headed ogres
  3 ironbound thunderhulks
  3 death knights (Crypt:3)
  7 tengu warriors
  An anaconda (shapeshifter) (Vaults:4)
  24 death scarabs (Tomb:1)
  6 deep troll shamans
  4 titan zombies
  9 alligators
  A thrashing horror (Swamp:4)
  10 death yaks
  14 deep troll earth magi
  10 ironbound beastmasters
  3 spriggan berserkers
  6 vampire magi
  5 orc high priests
  Sonja (Lair:3)
  8 soul eaters (Hell)
  6 sun demons
  11 deep elf knights
  17 hell knights
  3 storm dragon zombies
  2 sixfirhies (Hell)
  35 skeletal warriors
  A deep troll (shapeshifter) (Vaults:5)
  8 iron trolls
  2 shadow wraiths
  A salamander mystic (Volcano)
  2 goliath frogs
  4 spriggan druids
  A death drake (shapeshifter) (Vaults:3)
  7 bog bodies
  A ghost moth zombie (Crypt:2)
  7 swamp dragons
  7 glowing orange brains
  2 golden dragon zombies
  11 deep elf archers
  2 shadow dragon zombies
  An orange crystal statue (Depths:2)
  16 lindwurms
  9 wizards
  36 deep trolls
  38 phantasmal warriors
  6 large abominations
  6 flayed ghosts
  A wolf spider zombie (Crypt:2)
  17 ironbound convokers
  A mana viper (shapeshifter) (Vaults:5)
  20 deep elf zephyrmancers
  21 wolf spiders
  An anaconda skeleton (Hell)
  2 iron dragon zombies
  10 harpies
  A stone giant zombie (Vaults:4)
  Pikel (D:6)
  14 necromancers
  48 ugly things
  3 orc knights
  4 orc sorcerers
  14 orb spiders
  7 will-o-the-wisps
  19 deep elf pyromancers
  A shadow dragon skeleton (Hell)
  4 salamanders (Volcano)
  A dire elephant zombie (Crypt:3)
  7 cyclopes
  2 manticores
  A black mamba (shapeshifter) (Elf:1)
  3 frost giant skeletons
  A moth of wrath (Zot:1)
  A centaur zombie (D:10)
  6 elephants
  8 rust devils (Hell)
  An iron dragon skeleton (Depths:4)
  A stone giant skeleton (Vaults:4)
  16 vault sentinels
  2 ice statues (IceCv)
  2 black mambas
  2 torpor snails
  11 cane toads
  5 molten gargoyles (Hell)
  A purple draconian zombie (Crypt:1)
  4 orange demons
  4 smoke demons (Hell)
  2 gargoyles
  10 komodo dragons
  An unseen horror (D:12)
  45 yaktaurs
  An unseen horror (shapeshifter) (Depths:4)
  4 rime drakes
  8 ice devils
  8 freezing wraiths
  9 demonic crawlers
  A yaktaur skeleton (Vaults:4)
  2 sea snake zombies (Hell)
  2 red devils (Hell)
  5 tengu conjurers
  2 hydra zombies
  A harpy zombie (Crypt:3)
  9 trolls
  9 guardian mummies
  A merfolk (shapeshifter) (Vaults:5)
  17 tyrant leeches
  30 jumping spiders
  16 polar bears
  A jumping spider (shapeshifter) (Vaults:5)
  2 wind drakes
  12 hornets
  A bloated husk (Swamp:4)
  A wind drake (shapeshifter) (D:14)
  3 blink frogs (shapeshifter)
  31 slime creatures
  A tarantella zombie (Crypt:2)
  An alligator zombie (Hell)
  9 blink frogs
  An ettin zombie (Hell)
  A jumping spider zombie (Crypt:2)
  An alligator skeleton (Hell)
  9 wraiths
  72 redbacks
  11 flying skulls (Tomb:1)
  10 shadows
  2 vampires
  56 yaks
  6 spriggans
  20 tarantellas
  2 air elementals (Elf:1)
  An ettin skeleton (Crypt:1)
  6 wyverns
  7 fire elementals
  A basilisk (shapeshifter) (Depths:3)
  10 water elementals
  2 hogs (D:15)
  A human (shapeshifter) (Elf:2)
  A golden eye (shapeshifter) (Vaults:5)
  5 basilisks
  13 vampire mosquitoes
  10 ushabtiu
  2 sea snake simulacra (Hell)
  2 human simulacra
  2 wargs
  A two-headed ogre zombie (Crypt:2)
  13 swamp worms
  An acid dragon (D:12)
  A floating eye (Depths:4)
  39 water moccasins
  25 orc warriors
  3 swamp drakes
  2 hell hounds
  A sky beast (shapeshifter) (Elf:2)
  3 black bears
  A monstrous demonspawn skeleton (Crypt:1)
  3 sky beasts
  A hornet zombie (D:7)
  A fire dragon simulacrum (Hell)
  A snapping turtle zombie (Crypt:3)
  18 boggarts
  44 wolves
  4 human zombies
  5 ogres
  A centaur (shapeshifter) (Depths:1)
  18 necrophages
  A manticore skeleton (Crypt:2)
  3 human skeletons
  10 centaurs
  3 elf zombies (Elf:1)
  2 phantoms
  14 bullfrogs
  A komodo dragon zombie (Crypt:1)
  5 scorpions
  A draconian skeleton (Crypt:2)
  13 wyvern skeletons (Crypt:3)
  A cyclops skeleton (Crypt:2)
  A troll zombie (D:9)
  6 killer bees (D:11)
  An electric eel (Spider:4)
  4 howler monkeys
  A howler monkey (shapeshifter) (Vaults:5)
  6 hounds
  5 jellies
  33 orc priests
  Crazy Yiuf (D:2)
  2 centaur skeletons
  A gnoll shaman (D:5)
  Jessica (D:3)
  2 iguanas
  14 hell rats
  32 orc wizards
  A killer bee zombie (D:7)
  5 ogre zombies (D:9)
  17 mummies
  A hound skeleton (D:5)
  8 gnolls
  2 howler monkey skeletons
  15 adders
  A steam dragon skeleton (Crypt:1)
  3 white imps
  An ufetubus (D:5)
  4 worms
  2 dart slugs
  69 orcs
  7 bats
  A bat zombie (D:7)
  9 endoplasms
  2 giant cockroaches
  6 hobgoblins
  A quokka (D:4)
  5 ball pythons
  2 frilled lizards
  6 goblins
  A goblin zombie (D:9)
  A hobgoblin skeleton (D:9)
  3 hobgoblin zombies (D:9)
  6 kobolds
  4 orc skeletons (D:9)
  10 orc zombies (D:9)
  A quokka zombie (Crypt:2)
  10 rats
  6 rat zombies (D:7)
  31 briar patches
  A fungus (Lair:2)
  2 tentacles (Hell)
  7 withered plants (Crypt:3)
2312 creatures vanquished.

Vanquished Creatures (others)
  A bloated husk (Swamp:3)
  An orc wizard (Orc:2)
  2 briar patches (Swamp:3)
  12 foxfires
  34 fungi
  113 plants
  2 tentacles (Hell)
  44 withered plants (Crypt:3)
209 creatures vanquished.

Grand Total: 2521 creatures vanquished

Notes
Turn   | Place    | Note
-------+----------+-------------------------------------------
     0 | D:1      | hilljack the Gargoyle Earth Elementalist began the quest
                  | for the Orb.
     0 | D:1      | Reached XP level 1. HP: 10/10 MP: 3/3
   107 | D:1      | Reached skill level 1 in Transmutations
   229 | D:1      | Reached skill level 4 in Earth Magic
   229 | D:1      | Reached XP level 2. HP: 13/15 MP: 5/5
   335 | D:1      | Identified a scroll of acquirement
   335 | D:1      | Acquired a staff of earth
  1568 | D:2      | Found a runed translucent door.
  1569 | D:2      | Noticed Crazy Yiuf
  1722 | D:2      | Learned a level 2 spell: Passwall
  1783 | D:2      | Reached XP level 3. HP: 20/20 MP: 4/6
  1905 | D:2      | Found a faded altar of an unknown god.
  2500 | D:2      | Killed Crazy Yiuf
  2501 | D:2      | Reached skill level 1 in Fighting
  2501 | D:2      | Reached skill level 1 in Staves
  2501 | D:2      | Reached XP level 4. HP: 13/25 MP: 1/7
  2751 | D:3      | Noticed Jessica
  2756 | D:3      | Killed Jessica
  2757 | D:3      | Reached skill level 1 in Evocations
  2839 | D:3      | Found Erehitir's Antique Armour Boutique.
  2944 | D:3      | Noticed a water moccasin
  2968 | D:3      | Killed a water moccasin
  2969 | D:3      | Reached XP level 5. HP: 15/30 MP: 0/8
  3362 | D:3      | Found Qiohopn's Antique Armour Shop.
  3433 | D:3      | Got the Guide on Captivating Clay
  3453 | D:3      | Reached skill level 5 in Earth Magic
  3507 | D:3      | Found Lusuipo's Magic Scroll Emporium.
  3509 | D:3      | Bought a scroll of magic mapping for 38 gold pieces
  3509 | D:3      | Bought a scroll of noise for 11 gold pieces
  3509 | D:3      | Bought a scroll of fear for 38 gold pieces
  3625 | D:4      | Learned a level 3 spell: Stone Arrow
  3677 | D:4      | Reached XP level 6. HP: 35/35 MP: 7/9
  3990 | D:5      | Entered Level 5 of the Dungeon
  4595 | D:4      | Reached skill level 1 in Shields
  4955 | D:4      | Noticed a sky beast
  4975 | D:4      | Killed a sky beast
  4976 | D:4      | Reached XP level 7. HP: 30/40 MP: 10/10
  5219 | D:4      | Identified the +1 war axe "Limakh" {elec, rPois rCorr}
  5228 | D:4      | Found a staircase to the Ecumenical Temple.
  5239 | Temple   | Entered the Ecumenical Temple
  5333 | Temple   | Became a worshipper of Vehumet
  5594 | D:4      | Identified the +2 ring mail of Birdsong {Regen+}
  6080 | D:5      | Reached XP level 8. HP: 43/46 MP: 8/12
  6137 | D:5      | Reached skill level 6 in Earth Magic
  6263 | D:5      | You fall into a shaft and drop 2 floors!
  6323 | D:7      | Reached * piety under Vehumet
  6323 | D:7      | Offered knowledge of Shock by Vehumet.
  6701 | D:6      | Noticed Pikel
  6712 | D:6      | Killed Pikel
  6713 | D:6      | Reached skill level 7 in Earth Magic
  6789 | D:6      | Got the Collected Works on Earthen Poison
  6809 | D:6      | Noticed a hornet
  6815 | D:6      | Killed a hornet
  6816 | D:6      | Reached XP level 9. HP: 50/50 MP: 10/16
  6958 | D:6      | Reached skill level 5 in Spellcasting
  7177 | D:6      | Learned a level 4 spell: Petrify
  7220 | D:6      | Reached skill level 1 in Conjurations
  7238 | D:6      | Found a glowing silver altar of Zin.
  7239 | D:6      | Found a snail-covered altar of Cheibriados.
  7960 | D:5      | Offered knowledge of Freeze by Vehumet.
  7967 | D:5      | Reached ** piety under Vehumet
  7968 | D:5      | Reached skill level 8 in Earth Magic
  8640 | D:7      | Reached skill level 5 in Transmutations
  9223 | D:7      | Found an ancient bone altar of Kikubaaqudgha.
  9730 | D:8      | Noticed Erica
  9736 | D:8      | Killed Erica
  9737 | D:8      | Reached skill level 9 in Earth Magic
  9737 | D:8      | Reached XP level 10. HP: 56/56 MP: 9/19
  9856 | D:8      | Reached skill level 5 in Conjurations
  9942 | D:8      | Offered knowledge of Static Discharge by Vehumet.
 10010 | D:8      | Found a shimmering altar of Xom.
 10012 | D:8      | Found a blossoming altar of Fedhas.
 10049 | D:8      | Identified the +0 helmet of the Prince of Darkness {Str+3}
 10703 | D:9      | Identified the +7 whip of Qacritig {venom, rCorr Dex+3}
 10790 | D:9      | Reached *** piety under Vehumet
 10954 | D:9      | Reached skill level 10 in Earth Magic
 11086 | D:9      | Found a stormy altar of Qazlal.
 11423 | D:9      | Offered knowledge of Mephitic Cloud by Vehumet.
 11536 | D:9      | Learned a level 5 spell: Lee's Rapid Deconstruction
 11540 | D:9      | Found a staircase to the Orcish Mines.
 12051 | D:9      | Noticed a death yak
 12051 | D:9      | Noticed a death yak
 12055 | D:9      | Killed a death yak
 12055 | D:9      | Noticed a death yak
 12101 | D:8      | Killed a death yak
 12102 | D:8      | Reached XP level 11. HP: 36/60 MP: 9/23
 12277 | D:9      | Noticed a death yak
 12296 | D:9      | Noticed a death yak
 12296 | D:9      | Noticed a death yak
 12297 | D:9      | Killed a death yak
 12298 | D:9      | Noticed a death yak
 12486 | D:9      | Killed a death yak
 12644 | D:9      | Found a staircase to the Lair.
 12662 | D:9      | Killed a death yak
 12829 | D:9      | Killed a death yak
 12931 | D:10     | Entered Level 10 of the Dungeon
 13153 | Lair:1   | Entered Level 1 of the Lair of Beasts
 13854 | Lair:1   | Reached skill level 10 in Conjurations
 13866 | Lair:1   | Reached skill level 10 in Spellcasting
 14182 | Lair:1   | Reached **** piety under Vehumet
 14248 | Lair:1   | Reached skill level 5 in Fighting
 14485 | Lair:1   | Reached XP level 12. HP: 69/69 MP: 19/26
 15064 | Lair:2   | Offered knowledge of Fulminant Prism by Vehumet.
 15099 | Lair:2   | Noticed a five-headed hydra
 15105 | Lair:2   | Killed a five-headed hydra
 15159 | Lair:2   | Found a hole to the Spider Nest.
 15411 | Lair:2   | Found a runed translucent gate.
 15411 | Lair:2   | Found a runed translucent gate.
 15411 | Lair:2   | Found a runed translucent gate.
 15514 | Lair:2   | Noticed a minotaur
 15532 | Lair:2   | Noticed Peamost's ghost (journeyman VSFi)
 15927 | D:3      | Bought a pair of boots for 112 gold pieces
 16423 | Lair:2   | Learned a level 9 spell: Shatter
 16916 | Lair:3   | Found a staircase to the Swamp.
 17178 | Lair:3   | Reached skill level 10 in Fighting
 17406 | Lair:3   | Noticed a six-headed hydra
 17413 | Lair:3   | Killed a six-headed hydra
 17471 | Lair:3   | Noticed Sonja
 17509 | Lair:3   | Reached skill level 11 in Earth Magic
 17754 | Lair:3   | Reached ***** piety under Vehumet
 17754 | Lair:3   | Offered knowledge of Irradiate by Vehumet.
 17921 | Lair:3   | Reached skill level 12 in Earth Magic
 18075 | Lair:3   | Killed Sonja
 18356 | Lair:3   | Noticed Gastronok
 18388 | Lair:3   | Killed Gastronok
 18388 | Lair:3   | Noticed Fannar
 18389 | Lair:3   | Reached skill level 13 in Earth Magic
 18389 | Lair:3   | Reached XP level 13. HP: 75/82 MP: 11/27
 18402 | Lair:3   | Killed Fannar
 19145 | Lair:4   | Reached skill level 14 in Earth Magic
 19661 | Lair:4   | Learned a level 2 spell: Slow
 20080 | Lair:5   | Learned a level 6 spell: Iron Shot
 20148 | Lair:5   | Reached skill level 15 in Earth Magic
 20891 | Lair:6   | Entered Level 6 of the Lair of Beasts
 20961 | Lair:6   | Reached skill level 16 in Earth Magic
 21738 | Lair:6   | Gained mutation: Your large and strong wings let you fly.
                  | [Gargoyle growth]
 21738 | Lair:6   | Reached XP level 14. HP: 88/88 MP: 16/28
 21799 | Lair:6   | Reached skill level 17 in Earth Magic
 22001 | Lair:6   | Offered knowledge of Lightning Bolt by Vehumet.
 22595 | Lair:6   | Identified the +1 leather armour of Disaster {*Slow Str+3
                  | Int+10}
 22791 | Lair:6   | Reached skill level 18 in Earth Magic
 23352 | Lair:6   | Identified the +1 chain mail "Xebbir" {Slay+2}
 23393 | Lair:6   | Noticed Rupert
 23399 | Lair:6   | Killed Rupert
 23847 | Lair:5   | Reached skill level 5 in Armour
 24470 | Lair:6   | Found a staircase to the Slime Pits.
 24946 | Orc:1    | Entered Level 1 of the Orcish Mines
 25046 | Orc:1    | Found Ypar's Jewellery Emporium.
 25176 | Orc:1    | Noticed an orc warlord
 25273 | Orc:2    | Entered Level 2 of the Orcish Mines
 25331 | Orc:2    | Found a dark tunnel.
 25351 | Volcano  | Entered a volcano
 25492 | Volcano  | Noticed a red draconian
 25520 | Volcano  | Killed a red draconian
 26306 | Orc:2    | Found a staircase to the Elven Halls.
 26604 | Orc:2    | Killed an orc warlord
 28167 | Orc:2    | Reached skill level 5 in Dodging
 29034 | Orc:2    | Found Ifaontu's Antique Weapon Boutique.
 29034 | Orc:2    | Found Osagg's General Store.
 29035 | Orc:2    | Found Kyumif's Armour Shop.
 29038 | Orc:2    | Found Deocobigh's Antique Armour Shop.
 29241 | Orc:2    | Offered knowledge of Freezing Cloud by Vehumet.
 29326 | Orc:2    | Reached XP level 15. HP: 92/92 MP: 19/29
 30353 | D:10     | Found a white marble altar of Elyvilon.
 30549 | D:10     | Acquired 854 gold pieces
 31124 | D:10     | Found a shadowy altar of Dithmenos.
 32943 | D:12     | Offered knowledge of Yara's Violent Unravelling by Vehumet.
 33363 | D:12     | Found Nibybi's General Store.
 33459 | D:12     | Found Dedax's Antique Armour Shop.
 33561 | D:12     | Found an ornate altar of the Wu Jian Council.
 33846 | D:13     | Found a portal to a secret trove of treasure.
 33957 | D:12     | Reached skill level 19 in Earth Magic
 34940 | D:14     | Found a glowing golden altar of the Shining One.
 35893 | D:14     | Found a gate to the Vaults.
 36077 | D:15     | Entered Level 15 of the Dungeon
 36089 | D:15     | Got Sif Muna's Papyrus of Necromancy
 36098 | D:15     | Noticed Agnes
 36103 | D:15     | Killed Agnes
 36328 | D:15     | Found a frozen archway.
 36328 | D:15     | Noticed Kirke
 36332 | IceCv    | Entered an ice cave
 36335 | IceCv    | Reached XP level 16. HP: 96/97 MP: 23/31
 37030 | IceCv    | Identified the -4 hat of Shielding {-Tele Int+8}
 38185 | D:15     | Found a shadowy altar of Dithmenos.
 38656 | D:15     | Paralysed by something for 6 turns
 38691 | D:15     | Reached skill level 20 in Earth Magic
 39381 | D:15     | Found a staircase to the Depths.
 39598 | D:15     | Upgraded the game from 0.27-a0-1431-gcffa5a9b16 to
                  | 0.27-a0-1434-g6f15984924
 39755 | Spider:1 | Entered Level 1 of the Spider Nest
 40136 | Lair:2   | Offered knowledge of Starburst by Vehumet.
 40922 | Spider:1 | Learned a level 4 spell: Olgreb's Toxic Radiance
 42066 | Spider:2 | Noticed Arachne
 42070 | Spider:2 | Killed Arachne
 42777 | Spider:2 | Noticed Jorgrun
 42902 | Spider:2 | Noticed Azrael
 42907 | Spider:1 | Killed Azrael
 43338 | Spider:1 | Reached skill level 21 in Earth Magic
 43417 | Spider:2 | Killed Jorgrun
 43419 | Spider:2 | Reached XP level 17. HP: 102/102 MP: 23/34
 43995 | Spider:3 | Noticed Aizul
 44201 | Spider:2 | Killed Aizul
 44948 | Spider:3 | Offered knowledge of Orb of Destruction by Vehumet.
 44975 | Spider:3 | Learned a level 5 spell: Irradiate
 44979 | Spider:3 | Learned a level 3 spell: Swiftness
 46097 | Spider:4 | Entered Level 4 of the Spider Nest
 48272 | Spider:3 | Reached skill level 22 in Earth Magic
 48845 | Swamp:1  | Entered Level 1 of the Swamp
 49363 | Swamp:1  | Offered knowledge of Maxwell's Capacitive Coupling by
                  | Vehumet.
 49372 | Swamp:1  | Noticed a tentacled monstrosity
 49396 | Lair:3   | Reached skill level 15 in Spellcasting
 49780 | Swamp:1  | Killed a tentacled monstrosity
 50150 | Swamp:1  | Identified the ring "Sori Xakh" {rF+ SInv Stlth+}
 50371 | Elf:1    | Entered Level 1 of the Elven Halls
 50386 | Elf:1    | Reached XP level 18. HP: 79/107 MP: 10/37
 50892 | Elf:1    | Found a radiant altar of Vehumet.
 51635 | Elf:1    | Identified the +7 war axe "Beast's Nightmare" {freeze,
                  | rPois}
 52629 | Elf:1    | Got the Compendium of Necromancy
 53151 | Elf:2    | Reached skill level 23 in Earth Magic
 54815 | Elf:2    | Found Sen Lehyi's Antique Armour Shoppe.
 54962 | Elf:2    | Found a runed translucent gate.
 54962 | Elf:2    | Found a runed translucent gate.
 54962 | Elf:2    | Found a runed translucent gate.
 56036 | Elf:3    | Entered Level 3 of the Elven Halls
 56128 | Elf:3    | Found Goema's Magic Scroll Shop.
 56133 | Elf:3    | Bought a scroll of blinking for 82 gold pieces
 56133 | Elf:3    | Bought a scroll of immolation for 38 gold pieces
 56133 | Elf:3    | Bought a scroll of enchant armour for 82 gold pieces
 56133 | Elf:3    | Bought a scroll of enchant armour for 82 gold pieces
 56133 | Elf:3    | Bought a scroll of enchant weapon for 82 gold pieces
 56522 | Elf:3    | Reached XP level 19. HP: 101/112 MP: 26/39
 56752 | Elf:3    | Identified the ring of Foux {*Corrode Fly Int+5 Dex+4}
 57016 | Elf:3    | Identified the +8 trident of Cacw {vamp, +Blink rElec Will+
                  | MP-9}
 57016 | Elf:3    | Identified the ring "Hero's Friend" {Fly rElec rN+ Str+6
                  | Stlth-}
 57221 | Elf:3    | Reached skill level 24 in Earth Magic
 57373 | Elf:3    | Identified the amulet of Ryhaly {Acrobat +Inv rF- Str+3
                  | Slay+6}
 58210 | Elf:3    | Identified the -7 pair of boots "Luuscha" {Harm Will+}
 59233 | Spider:4 | Got a gossamer rune of Zot
 61229 | Swamp:3  | Reached ****** piety under Vehumet
 61229 | Swamp:3  | Offered knowledge of Maxwell's Capacitive Coupling by
                  | Vehumet.
 61314 | Swamp:3  | Found a radiant altar of Vehumet.
 61494 | Swamp:3  | Identified the +2 helmet of Bimoutsa {Dex+6}
 62451 | Swamp:4  | Entered Level 4 of the Swamp
 62454 | Swamp:4  | Reached XP level 20. HP: 88/117 MP: 38/41
 62565 | Swamp:4  | Reached skill level 25 in Earth Magic
 64401 | Swamp:4  | Got a decaying rune of Zot
 64943 | Vaults:1 | Entered Level 1 of the Vaults
 65296 | Vaults:1 | Reached skill level 5 in Shields
 67384 | Vaults:2 | Paralysed by a great orb of eyes for 2 turns
 67751 | Vaults:2 | Reached XP level 21. HP: 122/122 MP: 19/43
 68407 | Vaults:2 | Noticed Margery
 68409 | Vaults:2 | Killed Margery
 68567 | Vaults:2 | Found Lyrphaj's Book Boutique.
 68990 | Vaults:2 | Found a basalt altar of Yredelemnul.
 69133 | Vaults:2 | Found a staircase to the Crypt.
 69176 | Vaults:2 | Found an ancient bone altar of Kikubaaqudgha.
 69226 | Vaults:2 | You are sucked into a shaft and drop 2 floors!
 69751 | Vaults:4 | Noticed Jory
 70436 | Vaults:3 | Reached skill level 10 in Armour
 71403 | Vaults:3 | Paralysed by a great orb of eyes for 2 turns
 72069 | Vaults:3 | Reached XP level 22. HP: 127/127 MP: 45/45
 72305 | Vaults:3 | Reached skill level 10 in Shields
 73049 | Vaults:3 | Found a runed translucent gate.
 73104 | Vaults:3 | Found a runed translucent gate.
 73104 | Vaults:3 | Found a runed translucent gate.
 73109 | Vaults:3 | Noticed Exaltedone87's ghost (adept DDFi)
 73119 | Vaults:3 | Killed Exaltedone87's ghost
 73120 | Vaults:3 | Reached skill level 10 in Dodging
 73332 | Vaults:4 | Killed Jory
 73952 | Vaults:4 | Identified the +7 great sword "Yqoton" {vorpal, Drain rElec
                  | rN++}
 73972 | Vaults:4 | Noticed Saint Roka
 73975 | Vaults:4 | Killed Saint Roka
 74330 | Vaults:4 | Noticed Xtahua
 74331 | Vaults:4 | Paralysed by Xtahua for 5 turns
 74338 | Vaults:4 | Killed Xtahua
 75454 | Vaults:5 | Entered Level 5 of the Vaults
 75466 | Vaults:5 | Reached XP level 23. HP: 132/132 MP: 31/46
 75472 | Vaults:5 | Noticed Sojobo
 75472 | Vaults:5 | Noticed a golden dragon
 75475 | Vaults:5 | Noticed a golden dragon
 75485 | Vaults:4 | Killed a golden dragon
 75765 | Vaults:4 | Killed Sojobo
 75765 | Vaults:4 | Killed a golden dragon
 76190 | Vaults:5 | Identified the +9 broad axe of Atziem {venom, rN+ Str+2}
 76750 | D:13     | You paid a toll of +3 shadow dragon scales to enter a
                  | treasure trove
 76751 | Trove    | Entered a treasure trove
 76755 | Trove    | Identified the +0 kite shield of Pandemonium {Int+7 Stlth+}
 76757 | Trove    | Identified the +1 ice dragon scales of Evolution {+Blink
                  | rF- rC++ Dex+2}
 76762 | Trove    | Identified the +1 pair of gloves of Cyanau Sucw {rC+ Str+2}
 76764 | Trove    | Identified the +1 leather armour of Haileuko {Str+2}
 76771 | Trove    | Identified the +0 ring mail of Idealism {rC+ Str+5}
 76778 | Trove    | Identified the +10 plate armour of Compression {Fly rF-
                  | rCorr Stlth+}
 76780 | Trove    | Identified the -2 helmet of Rotation {rElec rC+ Str-5
                  | Int+9}
 76781 | Trove    | Identified the +1 cloak "Ocror" {Fly Int+5}
 77962 | Vaults:5 | Paralysed by a sphinx for 2 turns
 78312 | Vaults:5 | Noticed a dread lich
 78317 | Vaults:5 | Killed a dread lich
 78318 | Vaults:5 | Reached skill level 15 in Shields
 78401 | Vaults:5 | Learned a level 8 spell: Lehudib's Crystal Spear
 78419 | Vaults:5 | Reached XP level 24. HP: 113/137 MP: 30/47
 79118 | Vaults:5 | Got a silver rune of Zot
 79227 | Vaults:5 | Got the Volume of Earthen Stolen Souls
 79428 | Vaults:5 | Identified the +6 dagger of Imunkowk {vorpal, rElec Will+
                  | Str-4 Int+4}
 79436 | Vaults:5 | Identified the amulet of Maashrib {rPois rF+ Regen+ Int+2}
 79448 | Vaults:5 | Identified the ring "Ojusia" {+Blink rN+ Will+ Str-4}
 81417 | Crypt:1  | Entered Level 1 of the Crypt
 81742 | Crypt:1  | Reached skill level 1 in Maces & Flails
 82996 | Lair:2   | Killed Peamost's ghost
 84957 | Crypt:2  | Reached skill level 5 in Maces & Flails
 85457 | Crypt:3  | Entered Level 3 of the Crypt
 87128 | Crypt:3  | Noticed Frederick
 87134 | Crypt:3  | Killed Frederick
 87932 | Crypt:3  | Found a basalt altar of Yredelemnul.
 88269 | Crypt:3  | Reached XP level 25. HP: 145/145 MP: 37/47
 88521 | Crypt:3  | Noticed a royal mummy
 88528 | Crypt:3  | Killed a royal mummy
 88675 | Crypt:3  | Found a staircase to the Tomb.
 89520 | Crypt:3  | Got the Compendium of Unholy Arts
 90259 | D:15     | Killed Kirke
 90323 | Depths:1 | Entered Level 1 of the Depths
 90328 | Depths:1 | Found a gateway to Hell.
 90471 | D:15     | Reached skill level 10 in Maces & Flails
 90509 | Depths:1 | Reached skill level 15 in Dodging
 91201 | Depths:1 | Acquired the amulet of Jifexih {RegenMP Fly rC+ Slay+2}
 91266 | Depths:1 | Found a gateway to a ziggurat.
 91390 | Depths:1 | Identified the +4 scale mail of Kikubaaqudgha's Wrath
                  | {Str+5}
 91409 | Depths:1 | Identified the ring "Jiedeok" {Wiz Str+3}
 91549 | Depths:1 | Found a one-way gate leading to the halls of Pandemonium.
 91565 | Depths:1 | Learned a level 8 spell: Disjunction
 91710 | Depths:1 | Noticed Asterion
 91711 | Depths:1 | Killed Asterion
 91890 | Depths:1 | Identified the +0 helmet of Seiggyqy {+Blink rPois Will++
                  | Dex-3}
 92000 | Depths:2 | Found a bloodstained altar of Trog.
 92161 | Depths:2 | Found Finnau Nare's Armour Shop.
 92168 | Depths:2 | Found Nizxur's Distillery.
 92178 | Depths:2 | Bought a potion of heal wounds for 105 gold pieces
 92178 | Depths:2 | Bought a potion of berserk rage for 105 gold pieces
 92178 | Depths:2 | Bought a potion of berserk rage for 105 gold pieces
 92178 | Depths:2 | Bought a potion of ambrosia for 168 gold pieces
 92178 | Depths:2 | Bought a potion of curing for 63 gold pieces
 92178 | Depths:2 | Bought a potion of curing for 63 gold pieces
 92178 | Depths:2 | Bought a potion of brilliance for 84 gold pieces
 92300 | Depths:2 | Found a one-way gate to the infinite horrors of the Abyss.
 92600 | Depths:2 | Identified the +1 robe of Intercession {+Inv rN+++ rCorr
                  | Dex-5}
 92844 | Depths:2 | Learned a level 5 spell: Lee's Rapid Deconstruction
 92848 | Depths:2 | Found a runed translucent door.
 92917 | Depths:2 | Found a runed translucent door.
 93183 | Depths:3 | Reached XP level 26. HP: 144/150 MP: 42/47
 93218 | Depths:3 | Found the +5 demon whip "Spellbinder" {antimagic, Will+}
 93922 | Depths:3 | Found a broken altar of Ashenzari.
 94640 | Depths:3 | Found the +8 lance "Wyrmbane" {slay drac, rPois rF+ rC+
                  | AC+3}
 95204 | Depths:4 | Reached skill level 1 in Translocations
 96007 | Depths:4 | Noticed Louise
 96011 | Depths:4 | Killed Louise
 96395 | Depths:4 | Reached skill level 5 in Translocations
 96399 | Depths:4 | Paralysed by a great orb of eyes for 7 turns
 96874 | Depths:5 | Entered Level 5 of the Depths
 96899 | Depths:5 | Found a hazy altar of Hepliaklqana.
 97190 | Depths:5 | Reached XP level 27. HP: 162/162 MP: 37/47
 97342 | Depths:5 | Found a gate to the Realm of Zot.
 97664 | Depths:5 | Noticed a juggernaut
 97667 | Depths:5 | Killed a juggernaut
 97988 | Depths:5 | Got Veifoj's Papyrus of Frigorific Air
 98138 | Depths:5 | Found Feucoqymm's Jewellery Emporium.
 98142 | Depths:5 | Bought the ring of Xiloqo {rCorr EV+4 Int+4} for 912 gold
                  | pieces
 98790 | Depths:5 | Learned a level 5 spell: Borgnjor's Vile Clutch
 98801 | Depths:5 | Learned a level 9 spell: Fire Storm
 98847 | Hell     | Entered the Vestibule of Hell
 98847 | Hell     | Noticed Geryon
 98944 | Hell     | Killed Geryon
 98951 | Hell     | Reached skill level 15 in Conjurations
 99115 | Hell     | Found a gateway to the Iron City of Dis.
 99227 | Hell     | Found a gateway to the freezing wastes of Cocytus.
 99344 | Hell     | Found a gateway to the decaying netherworld of Tartarus.
 99438 | Hell     | Found a gateway to the ashen valley of Gehenna.
100000 | Tomb:1   | Entered Level 1 of the Tomb of the Ancients
100312 | Orc:1    | Bought the ring of Emaliff {rPois rN++ Will++ rCorr} for
                  | 701 gold pieces
100918 | Tomb:1   | Noticed a royal mummy
100918 | Tomb:1   | Noticed a royal mummy
100920 | Tomb:1   | Killed a royal mummy
100920 | Tomb:1   | Killed a royal mummy
100928 | Tomb:1   | Noticed a royal mummy
100932 | Tomb:1   | Killed a royal mummy
101101 | Tomb:1   | Noticed a royal mummy
101103 | Tomb:1   | Reached skill level 10 in Translocations
101104 | Tomb:1   | Killed a royal mummy
101179 | Tomb:1   | Noticed a royal mummy
101182 | Tomb:1   | Killed a royal mummy
101228 | Tomb:1   | Noticed a royal mummy
101231 | Tomb:1   | Killed a royal mummy
101422 | Tomb:1   | Noticed a royal mummy
101424 | Tomb:1   | Killed a royal mummy
101425 | Tomb:1   | Noticed a royal mummy
101434 | Tomb:1   | Killed a royal mummy
101471 | Tomb:1   | Noticed a royal mummy
101569 | Tomb:1   | Killed a royal mummy
101570 | Tomb:1   | Noticed a royal mummy
101573 | Tomb:1   | Killed a royal mummy
101671 | Tomb:1   | Noticed a royal mummy
101678 | Tomb:1   | Killed a royal mummy
101756 | Tomb:1   | Noticed a royal mummy
101759 | Tomb:1   | Killed a royal mummy
101811 | Tomb:1   | Noticed a royal mummy
101814 | Tomb:1   | Killed a royal mummy
101842 | Tomb:1   | Noticed a royal mummy
101845 | Tomb:1   | Killed a royal mummy
102105 | Tomb:1   | Noticed a royal mummy
102107 | Tomb:1   | Killed a royal mummy
102286 | Tomb:1   | Noticed a royal mummy
102290 | Tomb:1   | Killed a royal mummy
102515 | Tomb:1   | Noticed a royal mummy
102519 | Tomb:1   | Killed a royal mummy
102519 | Tomb:1   | Noticed a royal mummy
102529 | Tomb:1   | Killed a royal mummy
102548 | Tomb:1   | Noticed a royal mummy
102557 | Tomb:1   | Noticed a royal mummy
102560 | Tomb:1   | Killed a royal mummy
102561 | Tomb:1   | Killed a royal mummy
102835 | Tomb:1   | Noticed a royal mummy
102838 | Tomb:1   | Killed a royal mummy
102863 | Tomb:1   | Noticed a royal mummy
102868 | Tomb:1   | Killed a royal mummy
103759 | Zot:1    | Entered Level 1 of the Realm of Zot
103832 | Zot:1    | Noticed an orb of fire
103834 | Zot:1    | Gained mutation: Your body sometimes deteriorates upon
                  | taking damage. [an orb of fire]
103840 | Depths:5 | Gained mutation: Potions are less effective at restoring
                  | your health. [an orb of fire]
103841 | Depths:5 | Killed from afar by an orb of fire

Illustrated notes

Levels and vault maps discovered:
D:1:      arrival_zaba_pyramid, layout_loops_ring, minmay_pentomino_s2
D:2:      layout_loops_corners, hellmonk_ecumenical_altar_slurped_away,
          chequers_serial_rivers_small_a, minmay_misc_feat_square,
          minmay_misc_feat_doors, minmay_misc_feat_iff, corexii_hall_statues_u,
          uniq_crazy_yiuf_cottage
D:3:      layout_rooms, serial_shops, nicolae_square_shop, nicolae_shop_trees,
          shop_fountains, uniq_jessica
D:4:      layout_cave_pools, minmay_temple_entry_sparse_star
D:5:      layout_basic
D:6:      layout_basic, jmf_multi_god_temple, uniq_pikel
D:7:      layout_basic, lemuel_zombie_altar_kikubaaqudgha, serial_undead,
          serial_undead_a, serial_undead_e, serial_undead_d, serial_undead_d,
          wad_floor_pattern_1
D:8:      layout_rooms, minitemple, minmay_misc_feat_columns, uniq_erica
D:9:      layout_long_grid, nicolae_qazlal_style_of_elements,
          dpeg_lair_monsters, zombieorc1_lemuel
D:10:     layout_gridville, elyvilon_altar_5, marbit_many_paths
D:11:     layout_gridville, nicolae_benzene_ring
D:12:     layout_cave_pools, serial_shops, nicolae_shop_window_shopping, shop,
          nicolae_wu_jian_wuxing_cycle
D:13:     layout_rooms, enter_trove_1, serial_bayou_pond_d
D:14:     layout_basic, david_vaults_4, serial_park_fountain,
          nicolae_tso_carved_into_rock
D:15:     grunt_enter_depths_hoard, layout_basic, grunt_dithmenos_shadows,
          portal_ice_cave_entry_pillars_1, uniq_kirke, uniq_agnes
Temple:   nicolae_temple_great_sept
Lair:1:   layout_regular_city, st_stairs_11, wad_woods_road_04
Lair:2:   layout_gridlike, nicolae_spider_entry_non_spiders,
          maelrawn_ghost_gauntlet_escape
Lair:3:   lemuel_reptile_caves, layout_long_grid, minmay_swamp_entry_worms,
          serial_bayou_shore_b, lemuel_fruit_fields, uniq_gastronok, uniq_sonja,
          uniq_fannar
Lair:4:   layout_roguey, lemuel_fruit_tree
Lair:5:   layout_long_grid, grunt_forest_small_clearings
Lair:6:   gammafunk_lair_ancient_temple, layout_cave_shapes,
          nicolae_slime_entry_slimehenge, chequers_serial_rivers_large_b,
          serial_bayou_lagoon_b, uniq_rupert
Swamp:1:  layout_falls_marsh, evilmike_swamp_ruin_rubble_2, swamp_pool3
Swamp:2:  layout_basic_swamp, serial_swamp_ruin, evilmike_swamp_ruin_wall,
          evilmike_swamp_ruin_rubble_1, evilmike_swamp_ruin_house_2,
          nicolae_swamp_snake_nest
Swamp:3:  layout_basic_swamp, nicolae_swamp_godswood, swamp_pool1
Swamp:4:  swamp_vile, layout_basic_swamp
Spider:1: layout_spider_delve
Spider:2: layout_spider_delve, uniq_jorgrun, uniq_azrael, uniq_arachne
Spider:3: cheibrodos_forgotten_conduit, uniq_aizul
Spider:4: grunt_spider_rune_circles
Orc:1:    layout_caves, serial_shops, shop, bh_open_orc_temple
Orc:2:    st_orc_mages, layout_diamond_mine, nicolae_volcano_entry_s_turn
Elf:1:    eino_elf_arrival_altar, layout_loops_ring, minmay_elf_necromancy
Elf:2:    layout_loops_corners, serial_shops, shop_statue
Elf:3:    minmay_elf_hall_spiked, layout_geoelf_diagonals, serial_shops,
          shop_fountains
Vaults:1: nicolae_vaults_what_the_h, vaults_mumra_chevron_long, v_misc_32,
          hangedman_vaults_corner, v_alt_pattern_6, v_misc_17,
          grunt_vaults_focal, ontoclasm_vaults_ligature, layout_vaults_omnigrid
Vaults:2: v_pattern_3, v_misc_25, minmay_crypt_entry_necro_gods,
          hangedman_vaults_cutoff, hangedman_vaults_nails,
          hangedman_vaults_cutoff, layout_vaults_big_room, serial_shops, shop,
          uniq_margery
Vaults:3: gammafunk_vaults_ghost_spectres, grunt_vaults_funnel, v_misc_8,
          nicolae_vaults_quadrants, vaults_standard_mumra_x,
          nicolae_vaults_circle_grid_a, vaults_room_hallway, v_misc_2,
          dpeg_vaults_monster_box, ontoclasm_vaults_eye, layout_vaults_omnicross
Vaults:4: grunt_vaults_swirl, nicolae_vaults_ninety_degrees,
          hangedman_vaults_river_flow, v_misc_25, vaults_standard_mumra_lines,
          v_alt_pattern_2, v_misc_28, vaults_room_guarded_vault,
          vaults_dpeg_hooks, v_misc_8, ontoclasm_vaults_twist,
          layout_vaults_maze, uniq_xtahua, uniq_jory, uniq_saint_roka
Vaults:5: uniq_sojobo
Crypt:1:  layout_misc_corridors, grunt_crypt_arrival_guarded_gate
Crypt:2:  layout_regular_city
Crypt:3:  evilmike_haunted_forest, uniq_frederick
Tomb:1
Depths:1: layout_forbidden_donut, enter_ziggurat_e, pf_dread_powers_of_hell,
          amcnicky_mini_rare_corridor_liquid, rand_demon_pan_entry_8,
          minmay_hollow_rounded_squares, uniq_asterion
Depths:2: thingy_vault_2, layout_gridlike, abyss_entry_crystal,
          lightli_too_deep, basic_altar, minmay_shoptagon
Depths:3: grunt_house_of_mirrors, layout_gridlike, rand_demon_pan_entry_4,
          pf_hell_entry_tar_river, hangedman_decor_opposing,
          nicolae_ashenzari_skybound
Depths:4: minmay_octagon_keep, layout_basic, hell_entry,
          nicolae_abyss_entry_one_way_or_another, pan_entry, grunt_decor_cap
Depths:5: evilmike_zot_entry_argh, layout_gridlike, nzn_hepliaklqana_mist_gate,
          serial_shops, nicolae_shop_trees, hell_entry,
          kilobyte_mutagenic_chamber
Hell
Zot:1:    layout_basic, st_single_dragon_hoard_1

Skill      XL: |  1  2  3  4  5  6  7  8  9 10 11 12 13 14 15 16 17 18 19 20 21 22 23 24 25 26 27 |
---------------+----------------------------------------------------------------------------------+-----
Transmutations | 1 2 3 4 5 |  5.0
Earth Magic    | 4 5 7 9 10 13 16 18 19 21 22 23 24 25 | 25.5
Fighting       | 1 2 3 5 10 11 13 | 13.6
Staves         | 1 2 3 |  3.0
Evocations     | 1 2 3 |  3.0
Shields        | 1 2 4 7 9 11 15 16 | 16.0
Spellcasting   | 3 4 6 8 10 11 13 15 16 17 18 19 20 21 | 21.5
Conjurations   | 4 7 10 11 13 17 | 17.7
Armour         | 6 8 10 12 13 | 13.6
Dodging        | 5 6 8 9 11 13 16 | 16.6
Maces & Flails | 8 11 12 | 12.9
Translocations | 6 12 | 12.5
Stealth        | |  2.1

Action                   |  1- 3 |  4- 6 |  7- 9 | 10-12 | 13-15 | 16-18 | 19-21 | 22-24 | 25-27 || total
-------------------------+-------+-------+-------+-------+-------+-------+-------+-------+-------++-------
Melee: Club              |    10 |       |       |       |       |       |       |       |       ||    10
       Staff             |    46 |   149 |    21 |   117 |    69 |    34 |     1 |     4 |     5 ||   446
       Whip              |       |       |       |       |       |   121 |    56 |    75 |       ||   252
       Demon whip        |       |       |       |       |       |       |       |    18 |   100 ||   118
Throw: Dart              |       |    12 |     5 |       |       |       |       |       |       ||    17
 Cast: Sandblast         |    25 |    29 |   103 |       |   231 |     6 |       |       |       ||   394
       Stone Arrow       |       |       |    49 |   329 |   537 |   174 |     1 |       |       ||  1090
       Passwall          |       |       |       |     8 |    10 |     4 |       |       |       ||    22
       Lee's Rapid Decon |       |       |       |    16 |    34 |    83 |       |       |    10 ||   143
       Petrify           |       |       |       |     2 |       |       |       |       |       ||     2
       Iron Shot         |       |       |       |       |    15 |   261 |   126 |   176 |   314 ||   892
       Olgreb's Toxic Ra |       |       |       |       |       |    15 |     2 |       |       ||    17
       Shatter           |       |       |       |       |       |    77 |   280 |   251 |   275 ||   883
       Swiftness         |       |       |       |       |       |       |     1 |       |       ||     1
Evoke: Wand              |       |       |     4 |     4 |    12 |     2 |       |       |       ||    22
       Lightning rod     |       |       |       |       |     1 |     1 |       |       |       ||     2
  Use: Scroll            |     9 |     1 |     4 |     4 |    11 |     8 |     5 |    16 |     4 ||    62
       Potion            |     3 |     2 |       |       |     5 |     6 |     2 |     9 |       ||    27
 Stab: Sleeping          |     1 |     1 |       |       |       |       |       |       |       ||     2
       Invisible         |       |       |       |       |       |       |     2 |       |       ||     2
Armor: Robe              |    27 |    78 |    16 |       |     2 |    11 |       |       |       ||   134
       Skin              |     7 |       |       |       |       |       |       |       |       ||     7
       Ring mail         |       |       |       |   123 |    47 |       |       |       |       ||   170
       Leather armour    |       |       |       |       |    64 |   348 |   105 |   108 |    74 ||   699
Dodge: Dodged            |    31 |   106 |    23 |   195 |   197 |   471 |   133 |   139 |   129 ||  1424
Block: Buckler           |     2 |    24 |    26 |   174 |   200 |   298 |   107 |    63 |       ||   894
       Reflection        |       |       |     4 |     3 |    17 |     5 |     8 |     7 |     1 ||    45
       Kite shield       |       |       |       |       |       |       |       |   105 |   122 ||   227

Table legend: (Time is in decaauts)
 A = Elapsed time spent in this place.
 B = Non-inter-level travel time spent in this place.
 C = Inter-level travel time spent in this place.
 D = Time resting spent in this place.
 E = Time spent auto-exploring this place.
 F = Levels seen in this place.
 G = Mean time per level.
                   A        B        C        D        E       F      G
               +--------+--------+--------+--------+--------+-----+--------+
         Total | 104393 |  93720 |  10673 |  45883 |  34059 |  54 | 1933.2 |
       Dungeon |  24564 |  21081 |   3483 |   8933 |   8963 |  15 | 1637.6 |
        Temple |    105 |     72 |     33 |      0 |     71 |   1 |  105.0 |
          Lair |  13754 |  12486 |   1268 |   6328 |   4154 |   6 | 2292.3 |
         Swamp |   6468 |   6180 |    288 |   3458 |   2022 |   4 | 1617.0 |
   Spider Nest |   8458 |   7502 |    956 |   5084 |   1274 |   4 | 2114.5 |
  Orcish Mines |   5495 |   4900 |    595 |   2691 |   1261 |   2 | 2747.5 |
   Elven Halls |   7739 |   6599 |   1140 |   3740 |   1852 |   3 | 2579.7 |
        Vaults |  15936 |  14262 |   1674 |   8085 |   4455 |   5 | 3187.2 |
         Crypt |   8147 |   7508 |    639 |   3325 |   3319 |   3 | 2715.7 |
          Tomb |   2341 |   2260 |     81 |    996 |    896 |   1 | 2341.0 |
        Depths |   8498 |   8012 |    486 |   2039 |   4717 |   5 | 1699.6 |
          Hell |    737 |    712 |     25 |     72 |    550 |   1 |  737.0 |
           Zot |     81 |     81 |      0 |     36 |     14 |   1 |   81.0 |
         Trove |     42 |     42 |      0 |      0 |      2 |   1 |   42.0 |
      Ice Cave |   1442 |   1442 |      0 |    781 |    350 |   1 | 1442.0 |
       Volcano |    579 |    579 |      0 |    312 |    158 |   1 |  579.0 |
               +--------+--------+--------+--------+--------+-----+--------+

Top non-repeatable levels by time:
 Crypt:3: 4702 daAuts
Vaults:2: 4541 daAuts
Vaults:4: 4223 daAuts
   Orc:2: 4028 daAuts
   Elf:1: 3635 daAuts
     D:9: 3366 daAuts
  Lair:2: 3341 daAuts
Spider:3: 3137 daAuts
Vaults:3: 3009 daAuts
  Lair:6: 2851 daAuts
    D:14: 2841 daAuts
Vaults:1: 2510 daAuts
   Elf:3: 2509 daAuts
  Lair:3: 2502 daAuts
    D:15: 2447 daAuts
